 Dungeon Crawl Stone Soup version 0.31-a0-702-gf82c85558f (webtiles) character file.

Game seed: 18125677907067728078

140 Newt the Shooter (level 5, -8/35 HPs)
             Began as a Kobold Hunter on Sept 8, 2023.
             Killed by divine providence
             ... invoked by an orc priest
              (13 damage)
             ... on level 3 of the Dungeon.
             The game lasted 00:01:43 (2284 turns).

Newt the Shooter (Kobold Hunter)                    Turns: 2284, Time: 00:01:44

Health: -8/35      AC:  5    Str:  9    XL:     5   Next: 47%
Magic:  5/5        EV: 14    Int: 10    God:
Gold:   123        SH:  0    Dex: 20    Spells: 4/4 levels left

rFire   . . .        a - +0 shortbow
rCold   . . .        (shield currently unavailable)
rNeg    . . .        c - +0 leather armour
rPois   .            (no helmet)
rElec   .            i - +0 cloak
rCorr   .            k - +0 pair of gloves
SInv    .            (no boots)
Will    .....        (no amulet)
Stlth   +++          (no ring)
HPRegen 0.25/turn    (no ring)
MPRegen 0.09/turn

%: no passive effects
@: no status effects
A: small, no large weapons, nightstalker 3
a: no special abilities


You were on level 3 of the Dungeon.
You visited 1 branch of the dungeon, and saw 3 of its levels.

You collected 123 gold pieces.

Inventory:

Hand Weapons
 a - a +0 shortbow (weapon)
Missiles
 m - a throwing net
Armour
 c - a +0 leather armour (worn)
 i - a +0 cloak (worn)
 k - a +0 pair of gloves (worn)
Scrolls
 b - a scroll of butterflies
 e - a scroll of blinking {unknown}
 f - 3 scrolls of identify {unknown}
 g - 3 scrolls of acquirement {unknown}
Potions
 d - a potion of attraction {unknown}
 h - 2 potions of degeneration {unknown}
 j - 2 potions of lignification {unknown}
 l - a potion of mutation {unknown}


   Skills:
 - Level 5.0 Fighting
 + Level 6.4 Ranged Weapons
 - Level 2.4 Dodging
 - Level 1.3 Stealth


You had 4 spell levels left.
You didn't know any spells.
Your spell library was empty.

Dungeon Overview and Level Annotations

Branches:
Dungeon (3/15)

Altars:


Innate Abilities, Weirdness & Mutations

You are small and have problems with some larger weapons.
You are completely attuned to the shadows.


Message History

You shoot an arrow. The arrow hits the adder.
The adder is heavily wounded.
You feel sick.
The orc priest invokes the aid of Beogh against you.
Beogh smites you! The adder bites you but does no damage.
You shoot an arrow. The arrow misses the adder.
The arrow barely misses the orc priest.
You feel sick. The adder closely misses you.
You shoot an arrow.
The arrow hits the adder but does no damage.
The adder is heavily wounded.
You feel sick.
You are no longer poisoned.
The adder misses you. The adder barely misses you.
You shoot an arrow. The arrow hits the adder.
The adder is severely wounded.
The adder barely misses you. The adder misses you.
You shoot an arrow. The arrow misses the adder.
The arrow hits the orc priest but does no damage.
The adder bites you but does no damage.
You shoot an arrow. The arrow barely misses the adder.
The arrow barely misses the orc priest.
The adder bites you.
You are poisoned.
The adder poisons you! The adder misses you.
You are too injured to fight recklessly!
You are too injured to fight recklessly!
You shoot an arrow. The arrow hits the adder!
You kill the adder!
You feel sick.
You shoot an arrow. The arrow barely misses the orc priest.
You feel sick.
The orc priest hits you with a +0 flail.
* * * LOW HITPOINT WARNING * * *
The orc priest closely misses you.
You shoot an arrow. The arrow hits the orc priest!
The orc priest is heavily wounded.
You feel sick.
You are no longer poisoned.
The orc priest invokes the aid of Beogh against you.
Beogh smites you!
You die...

..#####.....#
..[...+...>.#
.)#####.....#
..#####.##..#
#.......##..##
#######......##
###..#..##
#.....#..#####
#.#...##..@o.#
#.#...######.#
####.#<).# #...
#....#...##
###..
#.####.#).# #.
####.####.##)##
.......##.....#
...(.########.#
...))##.......#


You could see an orc priest.

Vanquished Creatures
  An orc wizard (D:3)
  4 gnolls
  2 adders
  A dart slug (D:1)
  3 orcs (D:3)
  5 ball pythons
  5 endoplasms
  3 giant cockroaches
  5 goblins
  4 hobgoblins
  6 kobolds
  7 bats
  2 frilled lizards (D:1)
  7 rats
55 creatures vanquished.

Notes
Turn   | Place    | Note
-------+----------+-------------------------------------------
     0 | D:1      | Newt the Kobold Hunter began the quest for the Orb.
     0 | D:1      | Reached XP level 1. HP: 12/12 MP: 1/1
    64 | D:1      | Reached XP level 2. HP: 16/18 MP: 2/2
   305 | D:1      | Reached XP level 3. HP: 23/23 MP: 3/3
  1121 | D:2      | Reached XP level 4. HP: 30/30 MP: 4/4
  1506 | D:3      | Reached skill level 5 in Fighting
  1779 | D:3      | Reached XP level 5. HP: 35/35 MP: 5/5
  1812 | D:2      | Reached skill level 6 in Ranged Weapons
  2284 | D:3      | Killed from afar by an orc priest

Illustrated notes

Levels and vault maps discovered:
D:1:      sevenhm_arrival_forest_fort_small_5, layout_rooms
D:2:      layout_basic
D:3:      layout_basic, mainiacjoe_overflow_small_starburst, serial_shops,
          nicolae_lakefront_shop

Skill      XL: |  1  2  3  4  5 |
---------------+----------------+-----
Fighting       | 3 4 5 |  5.0
Ranged Weapons | 6 |  6.4
Dodging        | |  2.4
Stealth        | |  1.3

Action                     |  1- 3 |  4- 6 || total
---------------------------+-------+-------++-------
   Fire: Shortbow          |    73 |    85 ||   158
 Armour: Leather armour    |    15 |    33 ||    48
  Dodge: Dodged            |    16 |    38 ||    54

Table legend: (Time is in decaauts)
 A = Elapsed time spent in this place.
 B = Non-inter-level travel time spent in this place.
 C = Inter-level travel time spent in this place.
 D = Time resting spent in this place.
 E = Time spent auto-exploring this place.
 F = Levels seen in this place.
 G = Mean time per level.
                   A        B        C        D        E       F      G
               +--------+--------+--------+--------+--------+-----+--------+
         Total |   2317 |   2276 |     41 |    633 |   1332 |   3 |  772.3 |
       Dungeon |   2317 |   2276 |     41 |    633 |   1332 |   3 |  772.3 |
               +--------+--------+--------+--------+--------+-----+--------+

Top non-repeatable levels by time:
     D:2: 1064 daAuts
     D:1: 691 daAuts
     D:3: 561 daAuts
